 Dungeon Crawl Stone Soup version 0.29.1-12-g30fa7ad0bf (webtiles) character file.

Game seed: 4590623709885675096

40 KittyFluff the Trooper (level 3, -5/24 HPs)
             Began as a Gargoyle Berserker on Jan 15, 2023.
             Was a Believer of Trog.
             Slain by a worm (7 damage)
             ... on level 2 of the Dungeon.
             The game lasted 00:03:17 (1293 turns).

KittyFluff the Trooper (Gargoyle Berserker)         Turns: 1293, Time: 00:03:18

Health: -5/24      AC:  8    Str: 20    XL:     3   Next: 50%
Magic:  3/3        EV: 12    Int:  7    God:    Trog [**....]
Gold:   94         SH:  0    Dex: 11    Spells: 2/2 levels left

rFire   . . .      SeeInvis .   a - +0 mace
rCold   . . .      Faith    .   (no shield)
rNeg    + . .      Spirit   .   b - +0 animal skin
rPois   ∞          Reflect  .   m - +2 hat
rElec   +          Harm     .   (no cloak)
rCorr   .          Rampage  .   g - +0 pair of gloves
Will    .....                   (no boots)
Stlth   +.........              (no amulet)
HPRegen 0.08/turn               (no ring)
MPRegen 0.08/turn               (no ring)

@: no status effects
A: sickness immunity, AC +3, negative energy resistance 1, electricity
resistance, torment resistance 1, petrification resistance
a: Renounce Religion, Berserk, Trog's Hand


You were on level 2 of the Dungeon.
You worshipped Trog.
Trog was pleased with you.
You visited 1 branch of the dungeon, and saw 2 of its levels.

You collected 94 gold pieces.

Inventory:

Hand Weapons
 a - a +0 mace (weapon)
Missiles
 d - 19 stones (quivered)
 f - 6 poisoned darts
Armour
 b - a +0 animal skin (worn)
 g - a +0 pair of gloves (worn)
 m - a +2 hat (worn)
Scrolls
 c - a scroll of blinking {unknown}
 e - 2 scrolls of identify {unknown}
 i - a scroll of noise {unknown}
 k - a scroll of enchant weapon {unknown}
 l - a scroll of fear {unknown}
Potions
 h - a potion of curing {unknown}
 j - a potion of berserk rage {unknown}
 n - a potion of resistance {unknown}


   Skills:
 + Level 3.7 Fighting
 + Level 3.4 Maces & Flails
 + Level 2.7 Armour
 + Level 2.0 Dodging


You had 2 spell levels left.
You didn't know any spells.
Your spell library was empty.

Dungeon Overview and Level Annotations

Branches:
Dungeon (2/15)

Altars:

Shops:
D:2 =


Innate Abilities, Weirdness & Mutations

You are immune to sickness and miasma.
Your stone body is resilient. (AC +3)
You are immune to poison.
You resist negative energy. (rN+)
You are resistant to electric shocks. (rElec)
You are resistant to unholy torment.
You are immune to petrification.


Message History

Found a fuming emerald potion.
Found a stone staircase leading down.
There is a stone staircase leading up here.
n - a fuming emerald potion An endoplasm comes into view.
Found 5 stones and a bubbling orange potion.
Found 5 stones.
The endoplasm freezes you.
You are frozen.
You barely miss the endoplasm. The endoplasm barely misses you.
The endoplasm hits you but does no damage.
You barely miss the endoplasm.
The endoplasm hits you but does no damage.
You thump the endoplasm!
You kill the endoplasm!
Trog accepts your kill.
d - 19 stones (gained 5)
Found Zomebbe's Jewellery Emporium.
A hobgoblin comes into view.
A worm comes into view.
Found 8 stones.
A worm comes into view.
The hobgoblin closely misses you.
You hit the hobgoblin but do no damage. The hobgoblin closely misses you.
You sock the hobgoblin!
You kill the hobgoblin!
Trog accepts your kill.
Found 5 stones.
The worm bites you!
You see here a hobgoblin corpse.
You sock the worm!
The worm is heavily wounded.
You barely miss the worm.
The worm is heavily wounded.
The worm closely misses you. The worm bites you!
* * * LOW HITPOINT WARNING * * *
You barely miss the worm.
The worm is heavily wounded.
The worm bites you.
* * * LOW HITPOINT WARNING * * *
The worm bites you!
You die...

####........##......#
..(...#......##......##
.###..................####
####.......#....<......
#......##......###.#
#.......#...>..# #
#####.......########
#.......!...#
...####.@....# ##.
#.ww∩.∩# ##.. # #......#
##..###... ....∩.∩#
..##........#.......(#
.....<.# ..#......#
...##.......#####..### .
..####... #(# ..#. .


You could see 2 worms.

Vanquished Creatures
  2 dart slugs (D:1)
  4 ball pythons (D:1)
  3 bats (D:1)
  6 endoplasms
  A giant cockroach (D:1)
  2 hobgoblins
  2 kobolds (D:1)
  2 quokkas (D:1)
  3 frilled lizards (D:1)
  5 goblins (D:1)
  4 rats (D:1)
34 creatures vanquished.

Notes
Turn   | Place    | Note
-------+----------+-------------------------------------------
     0 | D:1      | KittyFluff the Gargoyle Berserker began the quest for the
                  | Orb.
     0 | D:1      | Reached XP level 1. HP: 14/14 MP: 1/1
    50 | D:1      | Reached XP level 2. HP: 9/19 MP: 2/2
   773 | D:1      | Reached XP level 3. HP: 10/23 MP: 3/3
   966 | D:1      | Reached ** piety under Trog
  1282 | D:2      | Found Zomebbe's Jewellery Emporium.
  1293 | D:2      | Slain by a worm

Illustrated notes

Levels and vault maps discovered:
D:1:      dpeg_arrival_stone_temple_mockup, layout_rooms
D:2:      layout_rooms, hellmonk_ecumenical_altar_pennies_from_heaven,
          serial_shops, nicolae_shop_competitors_out_of_business,
          nicolae_shop_overgrown_old_shop, shop, nicolae_shop_waterfront,
          uniq_jessica

Skill      XL: |  1  2  3 |
---------------+----------+-----
Dodging        | 2 |  2.0
Fighting       | |  3.7
Maces & Flails | |  3.4
Armour         | |  2.7

Action                   || total
-------------------------++-------
Melee: Mace              ||   100
Armor: Animal skin       ||    34
Dodge: Dodged            ||    61
